 Dungeon Crawl Stone Soup version 0.28.0-43-g3370ac3207 (webtiles) character file.

Game seed: 3259414442685951536

95 Svetlana the Twirler (level 4, -3/34 HPs)
             Began as a Human Gladiator on Mar 7, 2022.
             Was a Priest of Elyvilon.
             Killed from afar by Ijyb (37 damage)
             ... with a bolt of acid
             ... on level 4 of the Dungeon.
             The game lasted 00:13:28 (2248 turns).

Svetlana the Twirler (Human Gladiator)              Turns: 2248, Time: 00:13:29

Health: -3/34      AC:  5    Str: 14    XL:     4   Next: 97%
Magic:  4/4        EV: 12    Int: 17    God:    Elyvilon [***...]
Gold:   135        SH:  0    Dex: 14    Spells: 3/3 levels left

rFire   . . .      SeeInvis .   a - +0 quarterstaff
rCold   . . .      Faith    .   (shield currently unavailable)
rNeg    . . .      Spirit   .   b - +0 leather armour
rPois   .          Reflect  .   g - +1 helmet
rElec   .          Harm     .   (no cloak)
rCorr   .          Rampage  .   (no gloves)
Will    .....                   (no boots)
Stlth   +.........              (no amulet)
HPRegen 0.11/turn               h - +6 ring of intelligence
MPRegen 0.09/turn               (no ring)

@: hasted, very quick
A: no striking features
a: Renounce Religion, Purification, Heal Other, Heal Self


You were on level 4 of the Dungeon.
You worshipped Elyvilon.
Elyvilon was most pleased with you.
You visited 1 branch of the dungeon, and saw 4 of its levels.

You collected 135 gold pieces.

Inventory:

Hand Weapons
 a - a +0 quarterstaff (weapon)
 i - a +0 hunting sling
 j - a +2 short sword of holy wrath
Missiles
 d - a throwing net (quivered)
 l - 48 sling bullets
Armour
 b - a +0 leather armour (worn)
 g - a +1 helmet (worn)
Jewellery
 h - a +6 ring of intelligence (left hand)
 m - a ring of positive energy
Scrolls
 k - a scroll of silence
Potions
 c - a potion of flight
 f - 2 potions of curing


   Skills:
 * Level 2.4 Fighting
 * Level 0.3 Short Blades
 * Level 0.6(2.5) Polearms
 * Level 3.9 Staves
 * Level 0.1(1.3) Slings
 * Level 2.2(2.3) Throwing
 * Level 0.7 Armour
 * Level 3.4 Dodging
 * Level 0.5 Stealth
 * Level 0.7 Invocations


You had 3 spell levels left.
You didn't know any spells.
Your spell library was empty.

Dungeon Overview and Level Annotations

Branches:
Dungeon (4/15)
 Temple: D:4-7

Altars:
Elyvilon

Shops:
D:1 (

Annotations:
D:4 Ijyb


Message History

m - a ring of positive energy You see here a +0 club.
You open the door.
There is an open door here.
Found a stone staircase leading up.
Found a dagger.
You see here a +0 dagger.
A ball python comes into view.
Fire: 49 sling bullets
Press: ? - help, Q - select action, (/) - cycle Shift-Dir - straight line, f - ball python
Aim: a ball python (asleep, 98% to hit)
You shoot a sling bullet. The sling bullet hits the ball python.
The ball python hisses angrily.
The ball python is severely wounded.
The ball python closely misses you. The ball python grabs you.
The ball python constricts you.
Press: ? - help, Dir - move target, f/p - ball python Heal: a ball python (severely wounded, constricting you, chance to pacify: 88%)
The ball python turns neutral.
The ball python loses its grip on you.
You heal the ball python.
The ball python is completely healed.
l - 49 sling bullets (gained 1) Unknown command.
Magic restored.
You see here 18 bolts.
There is a stone staircase leading down here.
You climb downwards.
Ijyb shouts!
There is a stone staircase leading up here.
Fire: 49 sling bullets
Press: ? - help, Q - select action, (/) - cycle Shift-Dir - straight line, f - Ijyb
Aim: Ijyb, wielding a +0 club, wearing a +0 chain mail and carrying a wand of acid (4) (59% to hit)
You shoot a sling bullet. The sling bullet closely misses Ijyb.
a - a +0 quarterstaff (weapon)
You feel yourself speed up. Ijyb hits you but does no damage.
You hit Ijyb but do no damage. Ijyb closely misses you.
You sock Ijyb!
Ijyb is moderately wounded.
Ijyb zaps a wand.
The bolt of acid hits you!!!
Ouch! That really hurt!
You die...

## ## ##.
.# ..#.# .
...+ ...
##..#.....
+.@g.....(
##..#.####
...# #...#
....#
##.#.. #+
.. ...


You could see Ijyb.

Vanquished Creatures
  An adder (D:2)
  2 worms (D:3)
  8 ball pythons
  10 bats
  13 endoplasms
  2 giant cockroaches
  9 goblins
  5 hobgoblins
  4 kobolds
  4 quokkas
  3 frilled lizards (D:1)
  5 rats
66 creatures vanquished.

Notes
Turn   | Place    | Note
-------+----------+-------------------------------------------
     0 | D:1      | Svetlana the Human Gladiator began the quest for the Orb.
     0 | D:1      | Reached XP level 1. HP: 16/16 MP: 1/1
    56 | D:1      | Reached XP level 2. HP: 17/22 MP: 2/2
    85 | D:1      | Found Feamao's Antique Weapon Shoppe.
   259 | D:1      | Found a faded altar of an unknown god.
   270 | D:1      | Reached XP level 3. HP: 27/27 MP: 3/3
   274 | D:1      | Prayed at the altar of an unknown god.
   274 | D:1      | Became a worshipper of Elyvilon the Healer
   274 | D:1      | Reached * piety under Elyvilon
   578 | D:2      | Reached ** piety under Elyvilon
   694 | D:2      | Reached XP level 4. HP: 23/34 MP: 4/4
  1703 | D:3      | Reached *** piety under Elyvilon
  2243 | D:4      | Noticed Ijyb
  2248 | D:4      | Killed from afar by Ijyb

Illustrated notes

Levels and vault maps discovered:
D:1:      minmay_arrival_solitary_statue, layout_rooms, serial_shops, shop,
          ebering_ecumenical_altar_rust, minmay_misc_feat_tower
D:2:      layout_basic, minmay_unequal
D:3:      layout_basic
D:4:      nicolae_cairo_tiling, layout_basic, uniq_ijyb

Action                   |  1- 3 |  4- 6 || total
-------------------------+-------+-------++-------
Melee: Quarterstaff      |    82 |    78 ||   160
 Fire: Hunting sling     |       |    12 ||    12
Throw: Throwing net      |     4 |     1 ||     5
Invok: Heal Other        |       |     3 ||     3
  Use: Scroll            |       |     4 ||     4
       Potion            |       |     1 ||     1
 Stab: Sleeping          |     1 |     1 ||     2
       Held in net/web   |       |     1 ||     1
Armor: Leather armour    |    43 |    15 ||    58
Dodge: Dodged            |    80 |    44 ||   124
